 Dungeon Crawl Stone Soup version 0.31-a0-632-g766dd24fdf (webtiles) character file.

Game seed: 8827685982109043032

68 thirtiethelement the Shooter (level 4, -2/34 HPs)
             Began as a Demonspawn Hunter on Aug 26, 2023.
             Slain by an ogre
             ... wielding a +0 giant club
              (16 damage)
             ... on level 2 of the Dungeon.
             The game lasted 00:03:45 (1776 turns).

thirtiethelement the Shooter (Demonspawn Hunter)    Turns: 1776, Time: 00:03:46

Health: -2/34      AC: 10    Str: 12    XL:     4   Next: 1%
Magic:  4/4        EV: 12    Int: 12    God:
Gold:   60         SH:  0    Dex: 18    Spells: 3/3 levels left

rFire   . . .        b - +1 dagger (protect)
rCold   . . .        (no shield)
rNeg    . . .        c - +0 leather armour
rPois   .            (helmet currently unavailable)
rElec   .            (cloak currently unavailable)
rCorr   .            (gloves currently unavailable)
SInv    .            (boots currently unavailable)
Will    .....        (no amulet)
Stlth   ++           (no ring)
HPRegen 0.25/turn    (no ring)
MPRegen 0.09/turn

%: no passive effects
@: beast-form, under a protective aura
A: beast (slay +0), claws 1, big brain 1
a: Begin Untransformation


You were on level 2 of the Dungeon.
You were a hulking beast.
You visited 1 branch of the dungeon, and saw 3 of its levels.

You collected 60 gold pieces.

Inventory:

Hand Weapons
 a - a +0 shortbow
 b - a +1 dagger of protection (weapon)
Armour
 c - a +0 leather armour (worn)
Talismans
 o - a beast talisman (active)
Scrolls
 d - a scroll of revelation {unknown}
 e - 2 scrolls of blinking {unknown}
 g - a scroll of noise {unknown}
 h - a scroll of butterflies
 i - a scroll of silence {unknown}
 j - a scroll of amnesia {unknown}
 k - a scroll of poison {unknown}
 m - a scroll of enchant weapon {unknown}
Potions
 f - 2 potions of curing
 l - a potion of berserk rage {unknown}
 n - a potion of ambrosia {unknown}
 p - a potion of magic {unknown}
 q - a potion of invisibility {unknown}


   Skills:
 + Level 2.7 Fighting
 + Level 0.6 Short Blades
 + Level 4.3 Ranged Weapons
 + Level 0.8 Armour
 + Level 1.9 Dodging
 + Level 1.0 Stealth


You had 3 spell levels left.
You didn't know any spells.
Your spell library contained the following spells:

 Spells                   Type           Power      Damage    Failure   Level
 Animate Dead             Necr           0%         N/A       99%         4
 Borgnjor's Vile Clutch   Necr/Erth      0%         N/A       100%        5
 Death Channel            Necr           0%         N/A       100%        6


Dungeon Overview and Level Annotations

Branches:
Dungeon (3/15)

Altars:
Fedhas


Innate Abilities, Weirdness & Mutations

You are a hulking beast.
Your limbs bulge with bestial killing power. (Slay +0)
You have sharp fingernails.
You have an unusually large brain. (Int +2)


Message History

The ogre closely misses you.
You hit the ogre.
The ogre is moderately wounded.
The ogre barely misses you.
You hit the ogre.
The ogre is moderately wounded.
You hit the ogre.
The ogre is moderately wounded.
The ogre barely misses you.
You hit the ogre.
The ogre is moderately wounded.
You hit the ogre but do no damage.
The ogre is moderately wounded.
The ogre barely misses you.
You hit the ogre.
The ogre is heavily wounded.
The ogre barely misses you.
You hit the ogre.
The ogre is heavily wounded.
You hit the ogre.
The ogre is heavily wounded.
The ogre closely misses you.
You hit the ogre.
The ogre is severely wounded.
The ogre misses you.
You hit the ogre.
The ogre is severely wounded.
You completely miss the ogre.
The ogre is severely wounded.
The ogre barely misses you.
You hit the ogre.
The ogre is almost dead.
The ogre hits you with a +0 giant club!!
Ouch! That really hurt!
You hit the ogre.
The ogre is almost dead.
You barely miss the ogre.
The ogre is almost dead.
The ogre hits you with a +0 giant club!
You die...

########.#.††##.....#
#........##.........###
#.####.####...#.....#.#
#.####.#####........#.#
#.####.####...........#
#.####.#####..###.....#
#.####.####........>#.#
#............<.O....#.#
######.####...h....##.#
#####.####.##.#.#.##.#
#####.####.##........#
#####.####.#....#.####
#####......##.......#
####...##.#######
#...#### #...# #####


You could see an ogre.

Vanquished Creatures
  An adder (D:2)
  A gnoll (D:1)
  2 dart slugs
  4 bats
  2 endoplasms
  2 giant cockroaches
  4 goblins (D:1)
  4 hobgoblins
  10 jackals (D:2)
  2 ball pythons
  4 kobolds
  3 rats
39 creatures vanquished.

Notes
Turn   | Place    | Note
-------+----------+-------------------------------------------
     0 | D:1      | thirtiethelement the Demonspawn Hunter began the quest for
                  | the Orb.
     0 | D:1      | Reached XP level 1. HP: 16/16 MP: 1/1
   297 | D:1      | Gained mutation: You have an unusually large brain. (Int
                  | +2) [demonic ancestry]
   297 | D:1      | Reached XP level 2. HP: 22/22 MP: 2/2
   368 | D:1      | Reached skill level 4 in Ranged Weapons
  1009 | D:2      | Reached XP level 3. HP: 28/28 MP: 3/3
  1195 | D:2      | Found a blossoming altar of Fedhas.
  1283 | D:2      | Reached skill level 1 in Stealth
  1640 | D:3      | Noticed an ogre
  1666 | D:2      | Gained mutation: You have sharp fingernails. [demonic
                  | ancestry]
  1666 | D:2      | Reached XP level 4. HP: 11/34 MP: 4/4
  1776 | D:2      | Slain by an ogre

Illustrated notes

Levels and vault maps discovered:
D:1:      lemuel_arrival_muddy, layout_loops_corners,
          amcnicky_mini_corridor_feature
D:2:      layout_basic, basic_altar, reono_crystal_passage, minmay_surrounded
D:3:      layout_basic, eat_drink_and_be_merry_uskayaw

Skill      XL: |  1  2  3 |
---------------+----------+-----
Ranged Weapons | 4 |  4.3
Stealth        | 1 |  1.0
Fighting       | |  2.7
Short Blades   | |  0.6
Armour         | |  0.8
Dodging        | |  1.9

Action                     |  1- 3 |  4- 6 || total
---------------------------+-------+-------++-------
  Melee: Dagger            |   108 |    16 ||   124
         Punch             |     1 |       ||     1
   Fire: Shortbow          |    68 |       ||    68
    Use: Potion            |     1 |       ||     1
   Stab: Sleeping          |     1 |       ||     1
 Armour: Leather armour    |    59 |       ||    59
  Dodge: Dodged            |    93 |     9 ||   102
   Form: Beast             |     1 |       ||     1

Table legend: (Time is in decaauts)
 A = Elapsed time spent in this place.
 B = Non-inter-level travel time spent in this place.
 C = Inter-level travel time spent in this place.
 D = Time resting spent in this place.
 E = Time spent auto-exploring this place.
 F = Levels seen in this place.
 G = Mean time per level.
                   A        B        C        D        E       F      G
               +--------+--------+--------+--------+--------+-----+--------+
         Total |   1787 |   1758 |     29 |     91 |   1292 |   3 |  595.7 |
       Dungeon |   1787 |   1758 |     29 |     91 |   1292 |   3 |  595.7 |
               +--------+--------+--------+--------+--------+-----+--------+

Top non-repeatable levels by time:
     D:1: 1017 daAuts
     D:2: 672 daAuts
     D:3: 97 daAuts
